 Dungeon Sprint DCSS version 0.26-a0-708-g17f3b190f9 (webtiles) character file.

Game seed: 8450566120497848590

2355 mhtbhm the Carver (level 9, -1/89 HPs)
             Began as a Minotaur Fighter on Oct 29, 2020.
             Was an Elder of Okawaru.
             Slain by a 20-headed hydra (8 damage)
             ... in the Dungeon (Sprint IX: "|||||||||||||||||||||||||||||").
             The game lasted 00:02:09 (1125 turns).

mhtbhm the Carver (Minotaur Fighter)                Turns: 1125, Time: 00:02:10

Health: -1/89      AC: 18    Str: 27    XL:     9   Next: 20%
Magic:  6/8        EV: 14    Int:  5    God:    Okawaru [****..]
Gold:   0          SH: 15    Dex: 13    Spells: 8/8 levels left

rFire    + . .     SeeInvis .   a - +2 scimitar (holy)
rCold    . . .     Faith    .   c - +0 kite shield
rNeg     . . .     Spirit   .   b - +1 chain mail
rPois    +         Reflect  .   (helmet restricted)
rElec    .         Harm     .   p - +0 cloak
rCorr    .         Rampage  .   o - +0 pair of gloves
MR       .....     Rnd*Rage +   (no boots) Stlth ..........NoTele +
                                (no amulet)
HPRegen  0.24/turn              q - +3 ring of dexterity
MPRegen  0.11/turn              r - +3 ring of strength

@: heroism
A: retaliatory headbutt, horns 2, berserk 1, fire resistance 1, poison
resistance, MP-powered wands
a: Heroism, Renounce Religion


You were in the Dungeon.
You worshipped Okawaru.
Okawaru was greatly pleased with you.
You visited 1 branch

Inventory:

Hand Weapons
 a - a +2 scimitar of holy wrath (weapon)
Armour
 b - a +1 chain mail (worn)
 c - a +0 kite shield (worn)
 o - a +0 pair of gloves (worn)
 p - a +0 cloak (worn)
Magical Staves
 i - an uncursed staff of earth
Jewellery
 q - a +3 ring of dexterity (left hand)
 r - a +3 ring of strength (right hand)
Wands
 n - a wand of iceblast (10)
Scrolls
 j - a scroll of blinking
 l - 3 scrolls of remove curse
 m - 2 scrolls of amnesia
 s - 3 scrolls of enchant weapon
 t - 2 scrolls of fog
 u - 2 scrolls of enchant armour
Potions
 d - a potion of might
 f - 5 potions of heal wounds
 g - 2 potions of haste
 h - 4 potions of magic
 k - 6 potions of curing


   Skills:
 + Level 11.2(16.2) Fighting
 + Level 14.8(19.8) Long Blades
 + Level 12.2(17.2) Armour
 + Level 4.4(9.4) Dodging
 + Level 11.4(16.4) Shields


You had 8 spell levels left.
You didn't know any spells.
Your spell library was empty.

Dungeon Overview and Level Annotations

Branches:
Dungeon (1/1)

Altars:
Cheibriados
Dithmenos
Elyvilon
Fedhas
Gozag
Hepliaklqana
Kikubaaqudgha
Makhleb
Nemelex Xobeh
Okawaru
Qazlal
Ru
Sif Muna
Trog
Uskayaw
Vehumet
Wu Jian
Xom
Yredelemnul
Zin
The Shining One
Beogh
Jiyva
Lugonu


Innate Abilities, Weirdness & Mutations

You reflexively headbutt those who attack you in melee.
You have a pair of horns on your head.
You tend to lose your temper in combat.
Your flesh is heat resistant. (rF+)
Your system is resistant to poisons. (rPois)
You expend magic power (3 MP) to strengthen your wands.


Message History

The 20-headed hydra bites you!
* * * LOW HITPOINT WARNING * * *
You block the 20-headed hydra's attack.
The 20-headed hydra completely misses you.
The 20-headed hydra bites you but does no damage.
The 20-headed hydra bites you.
* * * LOW HITPOINT WARNING * * *
The 20-headed hydra closely misses you. x2
The 20-headed hydra bites you but does no damage. x2
The 20-headed hydra closely misses you. x2
You hit the 20-headed hydra.
Your headbutt misses the 20-headed hydra.
The 20-headed hydra is severely wounded.
The 20-headed hydra bites you!
* * * LOW HITPOINT WARNING * * *
You block the 20-headed hydra's attack.
The 20-headed hydra bites you but does no damage.
You block the 20-headed hydra's attack. The 20-headed hydra barely misses you.
The 20-headed hydra bites you!
You die...

▓▓▓▓▓
▓...▓
▓.▓.▓
▓'▓@▓
▓.▓D▓
▓.▓.▓
▓.▓.▓
▓)▓.▓
▓.▓.▓
▓)▓.▓
▓)▓.▓
▓(▓.▓


You could see a 20-headed hydra.

Vanquished Creatures
  A centaur warrior (D)
  A hydra (D)
  A hornet (D)
  A wraith (D)
  A shadow (D)
  An orc warrior (D)
  2 black bears (D)
  A centaur (D)
  A scorpion (D)
  A hound (D)
  An orc wizard (D)
  A worker ant (D)
  An adder (D)
  An ooze (D)
  A leopard gecko (D)
  An orc (D)
  2 goblins (D)
  A quokka (D)
  A frilled lizard (D)
  2 kobolds (D)
23 creatures vanquished.

Notes
Turn   | Place    | Note
-------+----------+-------------------------------------------
     0 | D        | mhtbhm the Minotaur Fighter began the quest for the Orb.
     0 | D        | Reached XP level 1. HP: 19/19 MP: 0/0
    18 | D        | Noticed a hound
    18 | D        | Noticed a scorpion
    21 | D        | Reached XP level 2. HP: 23/28 MP: 1/1
    28 | D        | Killed a scorpion
    28 | D        | Reached skill level 5 in Fighting
    28 | D        | Reached skill level 3 in Long Blades
    28 | D        | Reached skill level 5 in Shields
    28 | D        | Reached XP level 3. HP: 37/37 MP: 2/2
    31 | D        | Reached skill level 1 in Dodging
    32 | D        | Reached skill level 4 in Long Blades
    34 | D        | Reached XP level 4. HP: 38/44 MP: 3/3
    80 | D        | Found a roughly hewn altar of Beogh.
    80 | D        | Found a snail-covered altar of Cheibriados.
    80 | D        | Found a shadowy altar of Dithmenos.
    80 | D        | Found a white marble altar of Elyvilon.
    80 | D        | Found a blossoming altar of Fedhas.
    80 | D        | Found an opulent altar of Gozag.
    81 | D        | Found a hazy altar of Hepliaklqana.
    82 | D        | Found a viscous altar of Jiyva.
    83 | D        | Found an ancient bone altar of Kikubaaqudgha.
    84 | D        | Found a corrupted altar of Lugonu.
    85 | D        | Found a burning altar of Makhleb.
    86 | D        | Found a sparkling altar of Nemelex Xobeh.
    87 | D        | Found an iron altar of Okawaru.
    88 | D        | Found a stormy altar of Qazlal.
    89 | D        | Found a sacrificial altar of Ru.
    90 | D        | Found a shimmering blue altar of Sif Muna.
    91 | D        | Found a bloodstained altar of Trog.
    92 | D        | Found a hide-covered altar of Uskayaw.
    93 | D        | Found a radiant altar of Vehumet.
    94 | D        | Found an ornate altar of the Wu Jian Council.
    95 | D        | Found a shimmering altar of Xom.
    96 | D        | Found a basalt altar of Yredelemnul.
    97 | D        | Found a glowing silver altar of Zin.
    98 | D        | Found a glowing golden altar of the Shining One.
   103 | D        | Became a worshipper of Warmaster Okawaru
   160 | D        | Noticed a black bear
   160 | D        | Noticed a wraith
   160 | D        | Noticed an orc warrior
   164 | D        | Reached skill level 5 in Long Blades
   168 | D        | Killed an orc warrior
   168 | D        | Reached skill level 6 in Long Blades
   168 | D        | Reached XP level 5. HP: 48/52 MP: 4/4
   169 | D        | Killed a wraith
   169 | D        | Reached * piety under Okawaru
   169 | D        | Reached skill level 8 in Long Blades
   169 | D        | Reached XP level 6. HP: 57/62 MP: 5/5
   175 | D        | Reached skill level 9 in Long Blades
   192 | D        | Noticed a shadow
   192 | D        | Noticed a four-headed hydra
   192 | D        | Noticed a centaur warrior
   192 | D        | Noticed a hornet
   201 | D        | Killed a hornet
   201 | D        | Reached ** piety under Okawaru
   201 | D        | Reached skill level 10 in Long Blades
   201 | D        | Reached skill level 10 in Armour
   201 | D        | Reached XP level 7. HP: 65/70 MP: 6/6
   208 | D        | Killed a centaur warrior
   208 | D        | Reached *** piety under Okawaru
   208 | D        | Reached skill level 10 in Fighting
   208 | D        | Reached skill level 12 in Long Blades
   208 | D        | Reached skill level 10 in Shields
   208 | D        | Reached XP level 8. HP: 66/80 MP: 7/7
   214 | D        | Killed a nine-headed hydra
   214 | D        | Reached skill level 14 in Long Blades
   214 | D        | Reached XP level 9. HP: 89/89 MP: 8/8
   218 | D        | Reached **** piety under Okawaru
   421 | D        | Gained mutation: You tend to lose your temper in combat.
                  | [potion of mutation]
   421 | D        | Gained mutation: Your flesh is heat resistant. (rF+)
                  | [potion of mutation]
   421 | D        | Gained mutation: You expend magic power (3 MP) to
                  | strengthen your wands. [potion of mutation]
   421 | D        | Gained mutation: Your system is resistant to poisons.
                  | (rPois) [potion of mutation]
   437 | D        | Noticed a five-headed hydra
   437 | D        | Noticed a cane toad
   438 | D        | Noticed a cane toad
   759 | D        | HP: 4/89 [20-headed hydra (12)]
  1125 | D        | Slain by a 20-headed hydra

Illustrated notes

Levels and vault maps discovered:
D:        linesprint [early_d, line_temple, items_1, d_10, items_2, lair_1,
          lair_end, items_3, orc_1, orc_end, items_4, d_15, swamp_1, shoals_1,
          snake_1, spider_1, d_20, vaults_1, items_5, swamp_end, shoals_end,
          snake_end, spider_end, vaults_end, d_27, items_6, zot_1, zot_end,
          crypt_end, forest_end, elf_end, slime_end, tomb_end, abyss_end,
          pan_hell_end]

Skill      XL: |  1  2  3  4  5  6  7  8 |
---------------+-------------------------+-----
Fighting       | 4 5 6 7 8 9 10 11 | 11.2
Armour         | 4 6 8 9 10 11 12 | 12.2
Shields        | 4 5 6 7 8 9 10 11 | 11.4
Long Blades    | 3 4 6 8 10 12 14 | 14.8
Dodging        | 1 2 3 4 |  4.4

Action                   |  1- 3 |  4- 6 |  7- 9 || total
-------------------------+-------+-------+-------++-------
Melee: Long sword        |    23 |       |       ||    23
       Headbutt          |     2 |     4 |    26 ||    32
       Scimitar          |       |    28 |    54 ||    82
Invok: Heroism           |       |       |     1 ||     1
  Use: Potion            |     1 |       |     3 ||     4
       Scroll            |       |       |     2 ||     2
 Stab: Petrified         |       |       |    12 ||    12
       Petrifying        |       |       |     3 ||     3
Armor: Scale mail        |    10 |       |       ||    10
       Chain mail        |       |    12 |   111 ||   123
Dodge: Dodged            |     6 |     7 |    75 ||    88
Block: Kite shield       |     8 |     9 |    58 ||    75
       Rpst.: Long sword |     4 |       |       ||     4
       Scimitar          |       |     2 |     1 ||     3

Table legend: (Time is in decaauts)
 A = Elapsed time spent in this place.
 B = Non-inter-level travel time spent in this place.
 C = Inter-level travel time spent in this place.
 D = Time resting spent in this place.
 E = Time spent auto-exploring this place.
 F = Levels seen in this place.
 G = Mean time per level.
                   A        B        C        D        E       F      G
               +--------+--------+--------+--------+--------+-----+--------+
         Total |   1131 |   1131 |      0 |    579 |    189 |   1 | 1131.0 |
       Dungeon |   1131 |   1131 |      0 |    579 |    189 |   1 | 1131.0 |
               +--------+--------+--------+--------+--------+-----+--------+

Top non-repeatable levels by time:
       D: 1131 daAuts
